 Dungeon Crawl Stone Soup version 0.26.0-3-g156281e41b (webtiles) character file.

Game seed: 8833184756025549839

35825 ythm the Nimble (level 13, -1/101 (103) HPs)
             Began as a Gnoll Gladiator on Jan 10, 2021.
             Was the Champion of Okawaru.
             Slain by an eight-headed hydra (9 damage)
             ... on level 5 of the Lair of Beasts.
             The game lasted 00:42:05 (22206 turns).

ythm the Nimble (Gnoll Gladiator)                  Turns: 22206, Time: 00:42:06

HP:   -1/101 (103)  AC: 25    Str: 27    XL:     13   Next: 86%
MP:   25/25         EV: 14    Int: 11    God:    Okawaru [******]
Gold: 451           SH:  0    Dex: 17    Spells: 29/29 levels left

rFire    . . .     SeeInvis .   I - +4 quarterstaff
rCold    . . .     Faith    .   (shield currently unavailable)
rNeg     . . .     Spirit   .   D - +1 plate armour {Will+}
rPois    .         Reflect  .   c - +0 helmet
rElec    .         Harm     .   y - +2 cloak {Will+}
rCorr    +         Rampage  .   x - +3 pair of gauntlets of War {Slay+5}
Will     ++...                  j - +0 pair of boots
Stlth    ..........             v - amulet of regeneration
HPRegen  0.66/turn              m - ring of resist corrosion
MPRegen  0.19/turn              a - +6 ring of strength

@: about to teleport, lightly drained
A: distributed training, fangs 1, strong nose
a: Renounce Religion, Heroism, Finesse


You were on level 5 of the Lair of Beasts.
You worshipped Okawaru.
Okawaru was exalted by your worship.
You visited 2 branches of the dungeon, and saw 16 of its levels.
You also visited: Bailey.

You collected 1045 gold pieces.
You spent 594 gold pieces at shops.

Inventory:

Hand Weapons
 I - a +4 quarterstaff (weapon)
 N - a +0 broad axe of pain
 R - a +0 shortbow
 V - a +0 arbalest
Missiles
 b - 11 curare-tipped darts
 d - 7 throwing nets (quivered)
 i - 324 arrows
 n - 63 poisoned darts
 s - 377 bolts
 Z - 10 javelins
Armour
 c - a +0 helmet (worn)
 j - a +0 pair of boots (worn)
 x - the +3 pair of gauntlets of War (worn) {Slay+5}
   (You bought it in a shop on level 4 of the Dungeon)

   It affects your accuracy and damage with ranged weapons and melee attacks
   (+5).
 y - a +2 cloak of willpower (worn)
 D - a +1 plate armour of willpower (worn)
Jewellery
 a - a +6 ring of strength (right hand)
 m - a ring of resist corrosion (left hand)
 v - an amulet of regeneration (around neck)
 A - the ring "Weguwog" {MP+9 Int+2}
   (You found it on level 1 of the Lair of Beasts)

   [ring of magical power]

   It affects your intelligence (+2).
   It affects your magic capacity (+9).
 E - the amulet "Rien" {RegenMP rF+ Str+2 Dex+3}
   (You acquired it on level 5 of the Lair of Beasts)

   [amulet of magic regeneration]

   It increases your magic regeneration.
   It affects your strength (+2).
   It affects your dexterity (+3).
   It protects you from fire.
 O - an uncursed ring of see invisible
 X - the ring of Cituares {rN+ MP+9}
   (You found it on level 8 of the Dungeon)

   [ring of magical power]

   It protects you from negative energy.
   It affects your magic capacity (+9).
Wands
 z - a wand of digging (21)
 F - a wand of flame (23)
 G - a wand of disintegration (50)
 L - a wand of acid (10)
 Q - a wand of iceblast (4)
 U - a wand of paralysis (16)
Scrolls
 e - 5 scrolls of remove curse
 h - 4 scrolls of magic mapping
 o - a scroll of fear
 r - a scroll of amnesia
 t - 2 scrolls of fog
 B - 4 scrolls of identify
 H - 6 scrolls of teleportation
 T - 4 scrolls of enchant armour
 Y - 3 scrolls of immolation
Potions
 f - a potion of heal wounds
 g - 3 potions of haste
 k - a potion of degeneration
 l - a potion of berserk rage
 p - 3 potions of mutation
 q - 2 potions of ambrosia
 u - a potion of lignification
 w - 5 potions of flight
 C - 6 potions of brilliance
 J - 3 potions of attraction
 K - 3 potions of magic
 M - 2 potions of might
 S - a potion of cancellation
Miscellaneous
 P - a box of beasts
 W - a tin of tremorstones (2/2)


   Skills:
 + Level 9.9 Fighting
 + Level 8.8 Short Blades
 + Level 8.8 Long Blades
 + Level 8.8 Axes
 + Level 8.8 Maces & Flails
 + Level 8.8 Polearms
 + Level 10.8 Staves
 + Level 8.8 Slings
 + Level 8.8 Bows
 + Level 8.8 Crossbows
 + Level 9.9 Throwing
 + Level 8.8 Armour
 + Level 10.8 Dodging
 + Level 8.8 Stealth
 + Level 8.8 Shields
 + Level 8.8 Unarmed Combat
 + Level 8.8 Spellcasting
 + Level 7.3 Conjurations
 + Level 7.3 Hexes
 + Level 7.3 Summonings
 + Level 7.3 Necromancy
 + Level 7.3 Translocations
 + Level 7.3 Transmutations
 + Level 7.3 Fire Magic
 + Level 7.3 Ice Magic
 + Level 7.3 Air Magic
 + Level 7.3 Earth Magic
 + Level 7.3 Poison Magic
 + Level 9.5 Invocations
 + Level 8.8 Evocations


You had 29 spell levels left.
You didn't know any spells.
Your spell library contained the following spells:

 Spells                   Type           Power        Failure   Level
 Sandblast                Erth           40%          7%          1
 Summon Small Mammal      Summ           80%          7%          1
 Call Imp                 Summ           20%          10%         2
 Ensorcelled Hibernation  Hex/Ice        40%          10%         2
 Passwall                 Tmut/Erth      16%          10%         2
 Poisonous Vapours        Pois/Air       40%          10%         2
 Call Canine Familiar     Summ           20%          21%         3
 Conjure Flame            Conj/Fire      20%          21%         3
 Inner Flame              Hex/Fire       20%          21%         3
 Mephitic Cloud           Conj/Pois/Air  20%          21%         3
 Portal Projectile        Hex/Tloc       40%          21%         3
 Stone Arrow              Conj/Erth      40%          21%         3
 Summon Guardian Golem    Hex/Summ       20%          21%         3
 Tukima's Dance           Hex            20%          21%         3
 Petrify                  Tmut/Erth      20%          54%         4
 Summon Ice Beast         Ice/Summ       20%          54%         4
 Summon Lightning Spire   Summ/Air       20%          54%         4
 Borgnjor's Vile Clutch   Necr/Erth      10%          88%         5
 Lee's Rapid Deconstruct  Erth           10%          88%         5
 Metabolic Englaciation   Hex/Ice        10%          88%         5
 Silence                  Hex/Air        10%          88%         5
 Freezing Cloud           Conj/Ice/Air   10%          100%        6
 Shadow Creatures         Summ           N/A          100%        6
 Haunt                    Necr/Summ      10%          100%        7
 Borgnjor's Revivificati  Necr           10%          100%        8
 Infestation              Necr           10%          100%        8
 Necromutation            Tmut/Necr      10%          100%        8
 Death's Door             Necr           10%          100%        9


Dungeon Overview and Level Annotations

Branches:
Dungeon (10/15)            Temple (0/1) D:5            Lair (6/6) D:8
 Shoals (0/4) Lair:4        Snake (0/4) Lair:2        Slime (0/5) Lair:5
    Orc (0/2) D:10         Bailey (visited)

Altars:
Ashenzari
Cheibriados
Elyvilon
Hepliaklqana
Makhleb
Okawaru
Qazlal
Ru
Uskayaw
Vehumet
Xom
Zin

Shops:
D:4 *

Annotations:
D:7 2 transporters, Gadfly's ghost, novice FoAK
Lair:6 3 runed translucent doors, Moox's ghost, journeyman GnCK


Innate Abilities, Weirdness & Mutations

Your experience applies equally to all skills.
You have very sharp teeth.
Your uncanny sense of smell can sniff out nearby items.


Message History

The hell rat completely misses you. The elephant tramples you!
* * * LOW HITPOINT WARNING * * *
You hold your ground!
The elephant trunk-slaps you but does no damage.
The komodo dragon bites you!
* * * LOW HITPOINT WARNING * * *
The catoblepas closely misses you.
Unknown command.
Unknown command.
As you read the scroll of fear, it crumbles to dust.
You assume a fearsome visage.
The eight-headed hydra easily resists.
The elephant looks frightened!
The hell rat is unaffected.
The blink frog looks frightened!
The komodo dragon looks frightened!
The catoblepas looks frightened!
The eight-headed hydra bites you but does no damage. x2
The eight-headed hydra barely misses you.
The eight-headed hydra bites you.
* * * LOW HITPOINT WARNING * * *
The eight-headed hydra bites you!
You die...

##### ##..P#### ####
#.....P.#### ##...
###........## ###....
##..........# ####......
#.[........)# ##.........
#......Ylr..###....##....
#.......@§...F†..###.....
##......D.Y....†### ##....
#.............#.# #.<..
##............### ###..
#.............## #..
##..............##### ##.
#.)...........###...#####.
##.............#.....#.###
##...........P.......##


You could see a catoblepas (fleeing), an eight-headed hydra, an elephant
(fleeing), a komodo dragon (fleeing), a blink frog (fleeing) and a hell rat.

Vanquished Creatures
  A hydra (Lair:3)
  Harold (Lair:1)
  2 two-headed ogres (D:9)
  4 death yaks (Lair:5)
  An orc knight (Bailey)
  An oklob plant (Lair:4)
  12 elephants
  2 black mambas
  Maggie (D:6)
  10 cane toads
  2 rime drakes
  6 komodo dragons
  A polar bear (Lair:1)
  A troll (D:10)
  A wind drake (Lair:4)
  5 blink frogs
  4 wyverns
  3 yaks (Lair:4)
  Grum (D:10)
  4 basilisks
  A steam dragon (Lair:3)
  2 vampire mosquitoes
  Menkaure (D:7)
  Edmund (D:4)
  3 wargs (D:8)
  A naga (Lair:2)
  30 water moccasins
  12 orc warriors
  3 ice beasts
  2 sky beasts
  A black bear (Lair:1)
  4 ogres
  29 wolves
  4 centaurs
  16 bullfrogs
  7 scorpions
  A water moccasin skeleton (D:8)
  13 killer bees
  11 wights
  An electric eel (Lair:3)
  6 howler monkeys
  A centaur zombie (D:7)
  3 bullfrog zombies
  3 jellies
  6 orc priests
  Crazy Yiuf (D:2)
  3 bullfrog skeletons
  4 hounds
  An iguana (D:7)
  11 orc wizards
  A centaur skeleton (D:10)
  Terence (D:2)
  Jessica (D:3)
  3 hell rats
  5 worker ants
  3 hound skeletons
  A worker ant zombie (D:6)
  8 gnolls
  32 adders
  5 shadow imps
  2 white imps (D:6)
  2 ufetubi
  An adder skeleton (D:4)
  3 worms (D:3)
  A dart slug (D:2)
  3 leopard geckos
  49 orcs
  10 bats
  8 giant cockroaches
  19 goblins
  16 hobgoblins
  3 jackals (D:5)
  17 kobolds
  8 quokkas
  A ball python (D:2)
  7 frilled lizards
  9 rats
464 creatures vanquished.

Vanquished Creatures (others)
  A water moccasin (Lair:1)
  21 fungi
  73 plants
95 creatures vanquished.

Grand Total: 559 creatures vanquished

Notes
Turn   | Place    | Note
-------+----------+-------------------------------------------
     0 | D:1      | ythm the Gnoll Gladiator began the quest for the Orb.
     0 | D:1      | Reached XP level 1. HP: 20/20 MP: 1/1
   448 | D:1      | Reached XP level 2. HP: 26/26 MP: 2/2
  1007 | D:2      | Reached XP level 3. HP: 21/31 MP: 3/3
  1192 | D:2      | Noticed Terence
  1201 | D:2      | Killed Terence
  1202 | D:2      | Reached skill level 1 in Short Blades
  1202 | D:2      | Reached skill level 1 in Long Blades
  1202 | D:2      | Reached skill level 1 in Axes
  1202 | D:2      | Reached skill level 1 in Maces & Flails
  1202 | D:2      | Reached skill level 1 in Polearms
  1202 | D:2      | Reached skill level 1 in Slings
  1202 | D:2      | Reached skill level 1 in Bows
  1202 | D:2      | Reached skill level 1 in Crossbows
  1202 | D:2      | Reached skill level 1 in Armour
  1202 | D:2      | Reached skill level 1 in Stealth
  1202 | D:2      | Reached skill level 1 in Shields
  1202 | D:2      | Reached skill level 1 in Unarmed Combat
  1202 | D:2      | Reached skill level 1 in Spellcasting
  1202 | D:2      | Reached skill level 1 in Invocations
  1202 | D:2      | Reached skill level 1 in Evocations
  1345 | D:2      | Reached XP level 4. HP: 14/38 MP: 5/5
  1404 | D:2      | Reached skill level 1 in Conjurations
  1404 | D:2      | Reached skill level 1 in Hexes
  1404 | D:2      | Reached skill level 1 in Summonings
  1404 | D:2      | Reached skill level 1 in Necromancy
  1404 | D:2      | Reached skill level 1 in Translocations
  1404 | D:2      | Reached skill level 1 in Transmutations
  1404 | D:2      | Reached skill level 1 in Fire Magic
  1404 | D:2      | Reached skill level 1 in Ice Magic
  1404 | D:2      | Reached skill level 1 in Air Magic
  1404 | D:2      | Reached skill level 1 in Earth Magic
  1404 | D:2      | Reached skill level 1 in Poison Magic
  1822 | D:2      | Reached XP level 5. HP: 5/43 MP: 5/7
  1823 | D:2      | HP: 2/43 [gnoll/+0 spear (3)]
  2515 | D:2      | Reached XP level 6. HP: 46/50 MP: 8/8
  2798 | D:2      | Found a runed translucent door.
  2799 | D:2      | Noticed Crazy Yiuf
  2810 | D:2      | Killed Crazy Yiuf
  3589 | D:3      | Reached skill level 5 in Fighting
  3589 | D:3      | Reached skill level 5 in Throwing
  3727 | D:3      | Noticed Jessica
  3739 | D:3      | Killed Jessica
  3822 | D:3      | Found a burning altar of Makhleb.
  3833 | D:3      | Found a snail-covered altar of Cheibriados.
  3840 | D:3      | Found a shimmering altar of Xom.
  3847 | D:3      | Found a broken altar of Ashenzari.
  3861 | D:3      | Found an iron altar of Okawaru.
  3866 | D:3      | Found a hazy altar of Hepliaklqana.
  3881 | D:3      | Found a glowing silver altar of Zin.
  3911 | D:3      | Became a worshipper of Warmaster Okawaru
  4148 | D:3      | Found a stormy altar of Qazlal.
  4826 | D:4      | Reached XP level 7. HP: 56/56 MP: 10/10
  5046 | D:4      | Noticed Edmund
  5062 | D:4      | Killed Edmund
  5257 | D:4      | Found Joadacebot's General Store.
  5279 | D:4      | Bought a scroll of identify for 24 gold pieces
  5540 | D:4      | Reached * piety under Okawaru
  5798 | D:5      | Entered Level 5 of the Dungeon
  5808 | D:5      | Reached XP level 8. HP: 63/63 MP: 12/12
  5888 | D:5      | Found a staircase to the Ecumenical Temple.
  6384 | D:5      | Found a sacrificial altar of Ru.
  6584 | D:6      | Found a white marble altar of Elyvilon.
  6646 | D:6      | Noticed Maggie
  6670 | D:6      | Killed Maggie
  6670 | D:6      | Reached ** piety under Okawaru
  7339 | D:6      | Reached XP level 9. HP: 62/69 MP: 14/14
  7736 | D:7      | Found a flagged portal.
  7925 | Bailey   | Entered a bailey
  8908 | Bailey   | Noticed an orc knight
  9187 | Bailey   | Reached skill level 5 in Invocations
  9195 | Bailey   | Found a roughly hewn altar of Beogh.
  9209 | Bailey   | Reached *** piety under Okawaru
  9608 | Bailey   | Killed an orc knight
  9609 | Bailey   | Reached XP level 10. HP: 54/77 MP: 17/17
  9612 | Bailey   | Reached skill level 5 in Conjurations
  9612 | Bailey   | Reached skill level 5 in Hexes
  9612 | Bailey   | Reached skill level 5 in Summonings
  9612 | Bailey   | Reached skill level 5 in Necromancy
  9612 | Bailey   | Reached skill level 5 in Translocations
  9612 | Bailey   | Reached skill level 5 in Transmutations
  9612 | Bailey   | Reached skill level 5 in Fire Magic
  9612 | Bailey   | Reached skill level 5 in Ice Magic
  9612 | Bailey   | Reached skill level 5 in Air Magic
  9612 | Bailey   | Reached skill level 5 in Earth Magic
  9612 | Bailey   | Reached skill level 5 in Poison Magic
  9612 | Bailey   | Reached XP level 11. HP: 61/86 MP: 17/20
 10436 | D:7      | HP: 2/86 [orc wizard/magic dart (9)]
 10982 | D:7      | Noticed Menkaure
 10996 | D:7      | Killed Menkaure
 11105 | D:7      | Found a transporter.
 11109 | D:7      | Found a transporter.
 11111 | D:7      | Noticed Gadfly's ghost (novice FoAK)
 11662 | D:8      | Got a wavering gossamer ring
 11663 | D:8      | Identified the ring of Cituares {rN+ MP+9} (You found it on
                  | level 8 of the Dungeon)
 11782 | D:8      | Found a staircase to the Lair.
 12745 | Lair:1   | Entered Level 1 of the Lair of Beasts
 12763 | Lair:1   | Reached **** piety under Okawaru
 13731 | D:9      | Found a hide-covered altar of Uskayaw.
 13856 | D:9      | Noticed a two-headed ogre
 13879 | D:9      | Received a gift from Okawaru
 13879 | D:9      | Reached ***** piety under Okawaru
 13894 | D:9      | Killed a two-headed ogre
 14577 | D:9      | Noticed a two-headed ogre
 14584 | D:9      | Killed a two-headed ogre
 14585 | D:9      | Reached XP level 12. HP: 94/94 MP: 22/22
 14673 | D:9      | Found a radiant altar of Vehumet.
 14818 | D:10     | Entered Level 10 of the Dungeon
 15054 | D:10     | Identified the Reference Book on Beguiling
 15575 | D:10     | Found a staircase to the Orcish Mines.
 15744 | D:10     | Noticed Grum
 15778 | D:10     | Killed Grum
 15778 | D:10     | Received a gift from Okawaru
 16095 | D:4      | Bought the +3 pair of gauntlets of War {Slay+5} for 570
                  | gold pieces
 16095 | D:4      | Found the +3 pair of gauntlets of War {Slay+5}
 16233 | Lair:1   | Got a warped brass ring
 16235 | Lair:1   | Identified the ring "Weguwog" {MP+9 Int+2} (You found it on
                  | level 1 of the Lair of Beasts)
 16371 | Lair:1   | You fall into a shaft and drop 1 floor!
 16950 | Lair:1   | Reached skill level 10 in Staves
 16950 | Lair:1   | Reached skill level 10 in Dodging
 17322 | Lair:1   | Noticed Harold
 17329 | Lair:1   | Killed Harold
 17673 | Lair:2   | Found a staircase to the Snake Pit.
 18540 | Lair:3   | Noticed a four-headed hydra
 18550 | Lair:3   | Killed a four-headed hydra
 18550 | Lair:3   | Reached ****** piety under Okawaru
 18639 | Lair:3   | Reached XP level 13. HP: 88/101 MP: 25/25
 19548 | Lair:4   | Received a gift from Okawaru
 20286 | Lair:4   | Found a staircase to the Shoals.
 20542 | Lair:4   | Got a heavily runed scale mail
 20553 | Lair:4   | Identified the +1 scale mail of Pinnedesh {Dex+2} (You
                  | found it on level 4 of the Lair of Beasts)
 20751 | Lair:5   | Found a stormy altar of Qazlal.
 21319 | Lair:5   | Identified a scroll of acquirement
 21319 | Lair:5   | Acquired the amulet "Rien" {RegenMP rF+ Str+2 Dex+3}
 21655 | Lair:5   | Found a staircase to the Slime Pits.
 21781 | Lair:6   | Entered Level 6 of the Lair of Beasts
 21921 | Lair:6   | Found a runed translucent gate.
 21921 | Lair:6   | Found a runed translucent gate.
 21921 | Lair:6   | Found a runed translucent gate.
 21921 | Lair:6   | Noticed Moox's ghost (journeyman GnCK)
 22206 | Lair:5   | Slain by an eight-headed hydra

Illustrated notes

Levels and vault maps discovered:
D:1:      lightli_arrival_boilingwater, layout_basic,
          chequers_serial_rivers_room_a, minmay_misc_feat_nine_boxes
D:2:      layout_loops_ring, minmay_divided_ellipse, uniq_crazy_yiuf_cottage,
          uniq_terence
D:3:      kb_forest_paths, layout_basic, grunt_temple_overflow_octagram,
          marbit_many_paths, serial_co_window_serial, co_window_paths_b,
          co_window_cross_1, co_window_corner_a, co_window_paths_a,
          co_window_corner_a, co_window_of_opportunity_b, co_window_corner_ca,
          co_window_unsneaky_path_e, co_window_paths_c, uniq_jessica
D:4:      corexii_shantytown, layout_gridville, serial_shops, shop_coins,
          uniq_edmund
D:5:      layout_cave_pools, kennysheep_mini, temple_pool_b
D:6:      layout_basic, elyvilon_altar_1, uniq_maggie
D:7:      layout_layer_cave, gammafunk_ghost_hive, enter_bailey_2, uniq_menkaure
D:8:      layout_basic, erik_lair_orcish_takeover
D:9:      layout_roguey, eat_drink_and_be_merry_uskayaw, lemuel_round_altar,
          minmay_chambers_of_fives
D:10:     layout_irregular_city, orc_0_dummy, uniq_grum
Lair:1:   lemuel_reptile_caves, layout_misc_corridors,
          grunt_forest_stairs_basic, columned_hall_lemuel, grunt_megastairs_5,
          uniq_harold
Lair:2:   layout_regular_city, guppyfry_snake_entry_garden, minivault_23
Lair:3:   layout_cave_pods, nicolae_quartered_pool_medium
Lair:4:   layout_long_grid, minmay_shoals_entry_beasts, serial_bayou_crossing,
          grunt_megastairs_1
Lair:5:   layout_cave_pods, dpeg_slime_entry_corner, basic_altar,
          grunt_megastairs_3, serial_bayou_shore_b
Lair:6:   minmay_lair_end_frog_pond, layout_regular_city,
          ebering_ghost_rock_garden, minivault_25

Skill      XL: |  1  2  3  4  5  6  7  8  9 10 11 12 13 |
---------------+----------------------------------------+-----
Short Blades   | 1 2 3 4 6 7 8 |  8.8
Long Blades    | 1 2 3 4 6 7 8 |  8.8
Axes           | 1 2 3 4 6 7 8 |  8.8
Maces & Flails | 1 2 3 4 6 7 8 |  8.8
Polearms       | 1 2 3 4 6 7 8 |  8.8
Slings         | 1 2 3 4 6 7 8 |  8.8
Bows           | 1 2 3 4 6 7 8 |  8.8
Crossbows      | 1 2 3 4 6 7 8 |  8.8
Armour         | 1 2 3 4 6 7 8 |  8.8
Stealth        | 1 2 3 4 6 7 8 |  8.8
Shields        | 1 2 3 4 6 7 8 |  8.8
Unarmed Combat | 1 2 3 4 6 7 8 |  8.8
Spellcasting   | 1 2 3 4 6 7 8 |  8.8
Invocations    | 1 2 3 4 5 6 7 8 9 |  9.5
Evocations     | 1 2 3 4 6 7 8 |  8.8
Conjurations   | 1 2 3 4 5 6 7 |  7.3
Hexes          | 1 2 3 4 5 6 7 |  7.3
Summonings     | 1 2 3 4 5 6 7 |  7.3
Necromancy     | 1 2 3 4 5 6 7 |  7.3
Translocations | 1 2 3 4 5 6 7 |  7.3
Transmutations | 1 2 3 4 5 6 7 |  7.3
Fire Magic     | 1 2 3 4 5 6 7 |  7.3
Ice Magic      | 1 2 3 4 5 6 7 |  7.3
Air Magic      | 1 2 3 4 5 6 7 |  7.3
Earth Magic    | 1 2 3 4 5 6 7 |  7.3
Poison Magic   | 1 2 3 4 5 6 7 |  7.3
Fighting       | 5 6 7 8 9 |  9.9
Throwing       | 5 6 7 8 9 |  9.9
Staves         | 7 8 9 10 | 10.8
Dodging        | 7 8 9 10 | 10.8

Action                   |  1- 3 |  4- 6 |  7- 9 | 10-12 | 13-15 || total
-------------------------+-------+-------+-------+-------+-------++-------
Melee: Quarterstaff      |    50 |   217 |   383 |   762 |   334 ||  1746
       Bite              |     3 |    19 |    47 |   127 |    76 ||   272
Invok: Heroism           |       |       |     6 |     9 |     2 ||    17
Evoke: Wand              |       |       |       |     5 |       ||     5
  Use: Scroll            |       |     1 |     7 |    10 |    10 ||    28
       Potion            |       |       |     7 |    11 |       ||    18
 Stab: Sleeping          |     1 |     1 |     3 |     9 |       ||    14
       Petrifying        |       |       |     3 |       |       ||     3
       Paralysed         |       |       |     5 |     5 |       ||    10
       Distracted        |       |       |     2 |       |       ||     2
Armor: Chain mail        |     2 |    51 |    83 |       |       ||   136
       Leather armour    |     1 |       |       |       |       ||     1
       Ring mail         |     5 |    30 |       |       |       ||    35
       Steam dragon scal |       |       |    29 |    96 |       ||   125
       Skin              |       |       |    40 |       |       ||    40
       Plate armour      |       |       |       |   110 |   187 ||   297
Dodge: Dodged            |    34 |   163 |   285 |   667 |   266 ||  1415
